[Event "CAT-ch Open-Women 2019"]
[Site "Platja de la Pineda"]
[Date "2019.04.18"]
[Round "1"]
[White "Asis Gargatagli, Hipolito"]
[Black "Pla Almenar, Nel"]
[Result "1-0"]
[ECO "B43"]
[WhiteElo "2529"]
[BlackElo "2006"]
[Annotator "ChessBase"]
[PlyCount "57"]
[EventDate "2019.04.18"]
[EventType "swiss"]
[EventCountry "ESP"]
[SourceTitle "playchess.com"]
[Source "ChessBase"]
[SourceQuality "1"]
[TimeControl "5400+30"]

1. e4 c5 2. Nf3 a6 3. Nc3 e6 4. d4 cxd4 5. Nxd4 Bb4 6. Bd2 Ne7 7. a3 Ba5 8. Qe2 Nbc6 9. Nb3 Bc7 10. O-O-O Ng6 11. g3 b5 12. f4 Qe7 13. h4 d6 14. Bg2 Bb7 15. e5 d5 16. h5 Nf8 17. Be3 Na5 18. Nc5 Bc6 19. Nd3 Nd7 20. Nb4 Bb6 21. Nxc6 Nxc6 22. Bxd5 Bxe3+ 23. Qxe3 exd5 24. Nxd5 Qd8 25. h6 Kf8 26. Qc3 Rc8 27. e6 Nf6 28. e7+ Nxe7 29. hxg7+ 1-0

[Event "CAT-ch Open-Women 2019"]
[Site "Platja de la Pineda"]
[Date "2019.04.18"]
[Round "1"]
[White "Munoz, Miguel"]
[Black "Calle Ordonez, Albert"]
[Result "1-0"]
[ECO "B20"]
[WhiteElo "2509"]
[BlackElo "1998"]
[Annotator "RC"]
[PlyCount "99"]
[EventDate "2019.04.18"]
[EventType "swiss"]
[EventCountry "ESP"]
[SourceTitle "playchess.com"]
[Source "ChessBase"]
[SourceQuality "1"]
[TimeControl "5400+30"]

1. e4 c5 2. g3 d5 3. exd5 Qxd5 4. Nf3 Bg4 5. Be2 Nc6 6. h3 Bf5 7. Nc3 Qd6 8. d3 e5 9. Be3 b6 10. Nd2 Qd7 11. Bf3 Rc8 12. Nc4 f6 13. a4 Be6 14. Ne4 Nd4 15. Bg2 Nf5 16. Bd2 Nd6 17. Qe2 Nxe4 18. dxe4 Qd4 19. Ne3 c4 20. Bc3 Qd7 21. O-O Nh6 22. Rfd1 Qc6 23. f4 Bd6 24. Nf5 Qc5+ 25. Kh2 Bxf5 26. exf5 O-O 27. Rd5 Qc7 28. fxe5 fxe5 29. g4 e4+ 30. Kh1 Nf7 31. Rad1 Rfe8 32. R5d4 Qc6 33. Rxe4 Qxa4 34. Re6 Bf8 35. Bd5 Red8 36. Re5 Qd7 37. Rd2 Kh8 38. Bxc4 Qxd2 39. Bxd2 Nxe5 40. Qxe5 Rxc4 41. Bc3 Rc5 42. Qe6 Rxc3 43. bxc3 h6 44. h4 Bc5 45. f6 Rd1+ 46. Kg2 gxf6 47. Qxf6+ Kh7 48. g5 hxg5 49. Qf7+ Kh8 50. Qh5+ 1-0

[Event "CAT-ch Open-Women 2019"]
[Site "Platja de la Pineda"]
[Date "2019.04.18"]
[Round "1"]
[White "Diaz Camallonga, Carles"]
[Black "Guix Torres, David"]
[Result "1-0"]
[ECO "B36"]
[WhiteElo "2432"]
[BlackElo "1972"]
[Annotator "NA"]
[PlyCount "103"]
[EventDate "2019.04.18"]
[EventType "swiss"]
[EventCountry "ESP"]
[SourceTitle "playchess.com"]
[Source "ChessBase"]
[SourceQuality "1"]
[TimeControl "5400+30"]

1. e4 c5 2. Nf3 g6 3. c4 Nc6 4. d4 cxd4 5. Nxd4 Nf6 6. Nc3 Nxd4 7. Qxd4 d6 8. Be2 Bg7 9. Be3 O-O 10. Qd2 Be6 11. Rc1 Qa5 12. f3 Rfc8 13. b3 a6 14. Na4 Qxd2+ 15. Kxd2 Nd7 16. g4 Rf8 17. h4 f5 18. exf5 gxf5 19. g5 f4 20. Bf2 Rf5 21. Nb6 Nxb6 22. Bxb6 Rc8 23. Bd3 Rff8 24. Rhe1 Be5 25. Be4 Bf5 26. Kd3 Bxe4+ 27. Kxe4 Kf7 28. Ba5 Ke6 29. a4 Rc5 30. Bb6 Rc6 31. a5 Rf5 32. Re2 Rf7 33. Rg1 Rc8 34. Rg4 Rg8 35. Reg2 Rfg7 36. h5 Rf8 37. Bg1 Rf5 38. Bh2 h6 39. gxh6 Rh7 40. Bxf4 Bxf4 41. Rg6+ Rf6 42. Rxf6+ exf6 43. Kxf4 Rxh6 44. Rh2 Kd7 45. Kg4 Kc6 46. Re2 Kc5 47. Re7 Kc6 48. Rg7 Rh8 49. Rg6 Rf8 50. h6 Kc5 51. h7 Rh8 52. Rg7 1-0

[Event "CAT-ch Open-Women 2019"]
[Site "Platja de la Pineda"]
[Date "2019.04.18"]
[Round "1"]
[White "Perez Mitjans, Orelvis"]
[Black "Jul Perez, Alberto"]
[Result "1-0"]
[ECO "B20"]
[WhiteElo "2377"]
[BlackElo "1945"]
[Annotator "NA"]
[PlyCount "57"]
[EventDate "2019.04.18"]
[EventType "swiss"]
[EventCountry "ESP"]
[SourceTitle "playchess.com"]
[Source "ChessBase"]
[SourceQuality "1"]
[TimeControl "5400+30"]

1. e4 c5 2. Ne2 d6 3. g3 Nc6 4. Bg2 g6 5. c3 Bg7 6. d4 cxd4 7. cxd4 Nf6 8. Nbc3 O-O 9. O-O Bg4 10. f3 Bd7 11. Be3 a6 12. g4 b5 13. a3 Rc8 14. b4 e5 15. d5 Ne7 16. Qd3 Rc4 17. Rfb1 Qb8 18. a4 Rfc8 19. axb5 Bxb5 20. Nxb5 axb5 21. Ra5 Ne8 22. g5 f5 23. gxf6 Bxf6 24. Bh3 Rd8 25. Nc3 Nc7 26. Nxb5 Nxb5 27. Qxc4 Nd4 28. Kg2 Rf8 29. f4 1-0

[Event "CAT-ch Open-Women 2019"]
[Site "Platja de la Pineda"]
[Date "2019.04.18"]
[Round "1"]
[White "Barbero Sendic, Alejandro"]
[Black "Costa Trave, Jaume"]
[Result "1-0"]
[ECO "D02"]
[WhiteElo "2361"]
[BlackElo "1928"]
[Annotator "NA"]
[PlyCount "60"]
[EventDate "2019.04.18"]
[EventType "swiss"]
[EventCountry "ESP"]
[SourceTitle "playchess.com"]
[Source "ChessBase"]
[SourceQuality "1"]
[TimeControl "5400+30"]

1. d4 e6 2. Bf4 d5 3. e3 Bd6 4. Bxd6 cxd6 5. Nf3 Nf6 6. Nbd2 Bd7 7. Bd3 Nc6 8. c4 Nb4 9. Be2 Rc8 10. Qb3 Qb6 11. O-O O-O 12. a3 Na6 13. Qxb6 axb6 14. cxd5 exd5 15. Bd3 Rc7 16. Nh4 g6 17. f3 Rfc8 18. g4 h6 19. Ng2 Nb8 20. h4 Kg7 21. Nf4 Be6 22. Bxg6 Bxg4 23. fxg4 Re7 24. Bf5 Rg8 25. Kf2 Kf8 26. Rg1 Nc6 27. g5 hxg5 28. hxg5 Ne4+ 29. Nxe4 dxe4 30. Nd5 Rc7 1-0

[Event "CAT-ch Open-Women 2019"]
[Site "Platja de la Pineda"]
[Date "2019.04.18"]
[Round "1"]
[White "Hernando Rodrigo, Julio Antonio"]
[Black "Lozano Ruiz, David"]
[Result "1-0"]
[ECO "D12"]
[WhiteElo "2308"]
[BlackElo "1898"]
[Annotator "NA"]
[PlyCount "70"]
[EventDate "2019.04.18"]
[EventType "swiss"]
[EventCountry "ESP"]
[SourceTitle "playchess.com"]
[Source "ChessBase"]
[SourceQuality "1"]
[TimeControl "5400+30"]

1. d4 d5 2. Nf3 Nf6 3. c4 c6 4. e3 Bf5 5. Nc3 e6 6. Bd3 Bxd3 7. Qxd3 Nbd7 8. O-O Bb4 9. Bd2 a5 10. a3 Be7 11. Rad1 O-O 12. e4 dxe4 13. Nxe4 Nxe4 14. Qxe4 a4 15. Rfe1 Qb6 16. Qc2 Rfc8 17. Bf4 Qa6 18. Qe2 Re8 19. Rc1 Rac8 20. Rc2 Qa5 21. Qd1 Ra8 22. h3 Ra7 23. d5 Nf8 24. d6 Bf6 25. c5 Nd7 26. Be3 Qb5 27. Bd4 Rd8 28. Bxf6 Nxf6 29. Ne5 Nd7 30. Nxf7 Kxf7 31. Qh5+ Kg8 32. Rxe6 Nf8 33. Re7 Ng6 34. Rce2 Raa8 35. Qf5 Qc4 1-0

[Event "CAT-ch Open-Women 2019"]
[Site "Platja de la Pineda"]
[Date "2019.04.18"]
[Round "1"]
[White "Jimenez Ruano, Adrian"]
[Black "Reginaldo Huix, Pere"]
[Result "1-0"]
[ECO "C01"]
[WhiteElo "2287"]
[BlackElo "1885"]
[Annotator "NA"]
[PlyCount "33"]
[EventDate "2019.04.18"]
[EventType "swiss"]
[EventCountry "ESP"]
[SourceTitle "playchess.com"]
[Source "ChessBase"]
[SourceQuality "1"]
[TimeControl "5400+30"]

1. e4 e6 2. d4 f5 3. exf5 exf5 4. Bd3 d5 5. Nf3 Nf6 6. O-O Be7 7. c4 c6 8. Nc3 O-O 9. Bf4 Ne4 10. Rc1 Be6 11. Qb3 Qb6 12. Qc2 Nd7 13. cxd5 cxd5 14. Nb5 Nd6 15. Qe2 Ne8 16. Nc7 Rf6 17. Nxa8 1-0

[Event "CAT-ch Open-Women 2019"]
[Site "Platja de la Pineda"]
[Date "2019.04.18"]
[Round "1"]
[White "Pena Morales, Hugo"]
[Black "Rodon Balcells, Jaume"]
[Result "1-0"]
[ECO "C47"]
[WhiteElo "2276"]
[BlackElo "1862"]
[Annotator "NA"]
[PlyCount "53"]
[EventDate "2019.04.18"]
[EventType "swiss"]
[EventCountry "ESP"]
[SourceTitle "playchess.com"]
[Source "ChessBase"]
[SourceQuality "1"]
[TimeControl "5400+30"]

1. e4 e5 2. Nf3 Nf6 3. Nc3 Nc6 4. d4 exd4 5. Nxd4 Bb4 6. Nxc6 bxc6 7. Bd3 h6 8. O-O O-O 9. e5 Bxc3 10. bxc3 Nh7 11. Qe2 d6 12. Qe4 f5 13. Qxc6 Be6 14. Ba3 Ng5 15. exd6 Rf7 16. f4 Ne4 17. Bxe4 fxe4 18. dxc7 Qc8 19. Bd6 a5 20. Qxe4 Ra6 21. Be5 Kh8 22. Rab1 Rxc7 23. Bxc7 Qxc7 24. Rb7 Qc5+ 25. Qd4 Qf8 26. Rfb1 Kh7 27. Qd3+ 1-0

[Event "CAT-ch Open-Women 2019"]
[Site "Platja de la Pineda"]
[Date "2019.04.18"]
[Round "1"]
[White "Chueca Forcen, Alberto"]
[Black "Granados Tello, Roman"]
[Result "1-0"]
[ECO "E90"]
[WhiteElo "2270"]
[BlackElo "1855"]
[Annotator "NA"]
[PlyCount "49"]
[EventDate "2019.04.18"]
[EventType "swiss"]
[EventCountry "ESP"]
[SourceTitle "playchess.com"]
[Source "ChessBase"]
[SourceQuality "1"]
[TimeControl "5400+30"]

1. d4 Nf6 2. c4 g6 3. Nc3 Bg7 4. e4 d6 5. Nf3 O-O 6. h3 c5 7. d5 Na6 8. Bd3 Nc7 9. O-O a6 10. a4 Bd7 11. Bf4 Rb8 12. e5 Nfe8 13. Qe2 dxe5 14. Nxe5 Nd6 15. Nxd7 Qxd7 16. a5 Bxc3 17. bxc3 b5 18. axb6 Rxb6 19. Qe3 Nb7 20. Rfb1 Rxb1+ 21. Rxb1 Ne8 22. Re1 Ng7 23. Qxe7 Qc8 24. Rb1 Nd8 25. Rb8 1-0

[Event "CAT-ch Open-Women 2019"]
[Site "Platja de la Pineda"]
[Date "2019.04.18"]
[Round "1"]
[White "Bravo Barranco, Narcis"]
[Black "Munoz Munoz, Teresa"]
[Result "1-0"]
[ECO "C43"]
[WhiteElo "2252"]
[BlackElo "1810"]
[Annotator "NA"]
[PlyCount "75"]
[EventDate "2019.04.18"]
[EventType "swiss"]
[EventCountry "ESP"]
[SourceTitle "playchess.com"]
[Source "ChessBase"]
[SourceQuality "1"]
[TimeControl "5400+30"]

1. e4 e5 2. Nf3 Nf6 3. d4 Nxe4 4. Bd3 d5 5. Nxe5 Bd6 6. O-O O-O 7. c4 c6 8. Qh5 Nd7 9. Nxd7 Bxd7 10. cxd5 Nf6 11. Qh4 cxd5 12. Nc3 g6 13. Bg5 Be7 14. Rfe1 Be6 15. Re3 Re8 16. h3 Kg7 17. Qh6+ Kh8 18. Qh4 Ng8 19. Bxe7 Nxe7 20. Rae1 a6 21. Qf4 Nc6 22. a3 Kg7 23. h4 h5 24. Bb1 Qd7 25. Ba2 Red8 26. Rg3 Qd6 27. Qd2 b5 28. Rg5 Ne7 29. Rge5 Nc6 30. Rg5 Ne7 31. Bb1 Nf5 32. Bxf5 Bxf5 33. Re5 f6 34. Rxd5 Qxd5 35. Nxd5 fxg5 36. Ne3 Be4 37. d5 Rac8 38. Qd4+ 1-0

[Event "CAT-ch Open-Women 2019"]
[Site "Platja de la Pineda"]
[Date "2019.04.18"]
[Round "1"]
[White "Ventura Bolet, Alexandre"]
[Black "Marin Martorel, Jose"]
[Result "1-0"]
[ECO "D77"]
[WhiteElo "2191"]
[BlackElo "1799"]
[Annotator "NA"]
[PlyCount "37"]
[EventDate "2019.04.18"]
[EventType "swiss"]
[EventCountry "ESP"]
[SourceTitle "playchess.com"]
[Source "ChessBase"]
[SourceQuality "1"]
[TimeControl "5400+30"]

1. Nf3 Nf6 2. g3 Nc6 3. d4 d5 4. Bg2 g6 5. O-O Bg7 6. c4 e6 7. Nc3 O-O 8. cxd5 exd5 9. Ne5 Ne7 10. Qb3 c6 11. Rd1 Nf5 12. Bg5 h6 13. Bf4 Nd6 14. f3 Be6 15. Qc2 Qe7 16. e4 dxe4 17. fxe4 g5 18. Nxc6 Qc7 19. Bxd6 1-0

[Event "CAT-ch Open-Women 2019"]
[Site "Platja de la Pineda"]
[Date "2019.04.18"]
[Round "1"]
[White "Saurina Suner, Francesc Xavier"]
[Black "Guerra Mendez, Jose Angel"]
[Result "0-1"]
[ECO "B34"]
[WhiteElo "2012"]
[BlackElo "2531"]
[Annotator "ChessBase"]
[PlyCount "56"]
[EventDate "2019.04.18"]
[EventType "swiss"]
[EventCountry "ESP"]
[SourceTitle "playchess.com"]
[Source "ChessBase"]
[SourceQuality "1"]
[TimeControl "5400+30"]

1. e4 c5 2. Nf3 Nc6 3. d4 cxd4 4. Nxd4 g6 5. Be3 Bg7 6. Nc3 Nf6 7. Nxc6 bxc6 8. e5 Ng8 9. Bd4 Qa5 10. e6 Nf6 11. exd7+ Bxd7 12. Bd3 O-O 13. O-O e5 14. Be3 Nd5 15. Bd2 Qc7 16. Bc4 Be6 17. Qe2 f5 18. Rfd1 Bf7 19. Na4 e4 20. Rab1 Rfe8 21. b4 f4 22. Rb3 Rad8 23. Bc1 Kh8 24. Qf1 e3 25. f3 Nb6 26. Rxd8 Qxd8 27. Nb2 Nxc4 28. Nxc4 Bxc4 0-1

[Event "CAT-ch Open-Women 2019"]
[Site "Platja de la Pineda"]
[Date "2019.04.18"]
[Round "1"]
[White "Gutierrez Martos, Ferran"]
[Black "Moskalenko, Viktor"]
[Result "0-1"]
[ECO "A10"]
[WhiteElo "2002"]
[BlackElo "2515"]
[Annotator "ChessBase"]
[PlyCount "92"]
[EventDate "2019.04.18"]
[EventType "swiss"]
[EventCountry "ESP"]
[SourceTitle "playchess.com"]
[Source "ChessBase"]
[SourceQuality "1"]
[TimeControl "5400+30"]

1. c4 f5 2. g3 Nf6 3. Bg2 e6 4. Nf3 d5 5. O-O c6 6. b3 Bd6 7. Bb2 Qe7 8. Qc1 Na6 9. Ne5 O-O 10. d3 Nc5 11. Nd2 a5 12. a3 Ncd7 13. Ndf3 Ng4 14. Nxd7 Bxd7 15. h3 Nf6 16. Ne5 Be8 17. Qc2 Nd7 18. Nxd7 Bxd7 19. e4 dxe4 20. dxe4 f4 21. Qc3 e5 22. Rfd1 Bc7 23. c5 Be6 24. Rd3 a4 25. b4 Bb3 26. Re1 Rad8 27. Bf1 Rxd3 28. Bxd3 Qf7 29. g4 Rd8 30. Re2 h5 31. f3 Kh7 32. Kg2 Qe7 33. Kh2 hxg4 34. fxg4 Rd7 35. Bc1 b6 36. Bc4 bxc5 37. bxc5 Ba5 38. Qxa5 Bxc4 39. Rd2 Qh4 40. Rxd7 Qg3+ 41. Kh1 Qxh3+ 42. Kg1 Qxg4+ 43. Kh2 Qg3+ 44. Kh1 Be2 45. Rxg7+ Qxg7 46. Qe1 Bf3+ 0-1

[Event "CAT-ch Open-Women 2019"]
[Site "Platja de la Pineda"]
[Date "2019.04.18"]
[Round "1"]
[White "Pellicer Roncero, Nestor"]
[Black "Oratovsky, Michael"]
[Result "1-0"]
[ECO "B40"]
[WhiteElo "1972"]
[BlackElo "2455"]
[Annotator "ChessBase"]
[PlyCount "57"]
[EventDate "2019.04.18"]
[EventType "swiss"]
[EventCountry "ESP"]
[SourceTitle "playchess.com"]
[Source "ChessBase"]
[SourceQuality "1"]
[TimeControl "5400+30"]

1. e4 c5 2. Nf3 e6 3. b3 b6 4. Bb2 Bb7 5. d3 Nc6 6. g3 Nf6 7. Bg2 d5 8. exd5 Qxd5 9. Nc3 Qd7 10. O-O Be7 11. Re1 O-O 12. Ne4 Nd4 13. Ne5 Qc7 14. f4 Rad8 15. a4 Nxe4 16. Bxe4 Bf6 17. Nc4 a6 18. Kf2 Bd5 19. a5 b5 20. Ne5 Bxe5 21. fxe5 Bxe4 22. Rxe4 Rd5 23. Bxd4 cxd4 24. Qe2 Rc8 25. Ra2 h6 26. h4 Qd8 27. Qg4 Rc3 28. Qf4 Qc7 29. Re2 1-0

[Event "CAT-ch Open-Women 2019"]
[Site "Platja de la Pineda"]
[Date "2019.04.18"]
[Round "1"]
[White "Ros Alonso, Joana"]
[Black "Valenzuela Gomez, Fernando"]
[Result "0-1"]
[ECO "B24"]
[WhiteElo "1954"]
[BlackElo "2406"]
[Annotator "NA"]
[PlyCount "94"]
[EventDate "2019.04.18"]
[EventType "swiss"]
[EventCountry "ESP"]
[SourceTitle "playchess.com"]
[Source "ChessBase"]
[SourceQuality "1"]
[TimeControl "5400+30"]

1. e4 c5 2. Nc3 a6 3. g3 d6 4. Bg2 Nf6 5. d3 e6 6. f4 Nc6 7. Nf3 Be7 8. O-O O-O 9. h3 d5 10. e5 Nd7 11. Qe1 f6 12. exf6 Nxf6 13. Ne5 Bd6 14. Nxc6 bxc6 15. Ne2 Bd7 16. c3 Qe7 17. d4 Rab8 18. b3 a5 19. Ba3 a4 20. Rb1 axb3 21. axb3 cxd4 22. Bxd6 Qxd6 23. Nxd4 c5 24. Nf3 Bb5 25. Rf2 Bd3 26. Rd1 Be4 27. Rb2 Rb6 28. Ne5 Bxg2 29. Kxg2 Qc7 30. Qe3 Rfb8 31. Rdb1 Kh8 32. h4 Ne4 33. Kh3 Nd6 34. Nd3 Qf7 35. Ne5 Qc7 36. Nd3 Ne4 37. Ne5 Kg8 38. Nc4 Ra6 39. Nd2 Nf6 40. Qe2 Qc8 41. Kh2 Rab6 42. Ra2 h5 43. Rba1 d4 44. cxd4 cxd4 45. Ra6 Ng4+ 46. Kg1 d3 47. Qxd3 Qc5+ 0-1

[Event "CAT-ch Open-Women 2019"]
[Site "Platja de la Pineda"]
[Date "2019.04.18"]
[Round "1"]
[White "Barberans Sola, Sebastia"]
[Black "Ayats Llobera, Gerard"]
[Result "0-1"]
[ECO "A46"]
[WhiteElo "1935"]
[BlackElo "2363"]
[Annotator "NA"]
[PlyCount "76"]
[EventDate "2019.04.18"]
[EventType "swiss"]
[EventCountry "ESP"]
[SourceTitle "playchess.com"]
[Source "ChessBase"]
[SourceQuality "1"]
[TimeControl "5400+30"]

1. d4 c5 2. c3 Qc7 3. Nf3 Nf6 4. Bg5 g6 5. e3 Bg7 6. Nbd2 O-O 7. Be2 b6 8. O-O Bb7 9. Bf4 d6 10. h3 Nbd7 11. Bh2 Rad8 12. a4 a6 13. Qc2 cxd4 14. exd4 Nd5 15. Nc4 N7f6 16. Nfd2 Bh6 17. Qb3 Rb8 18. Rfd1 Bf4 19. Bf3 Bxh2+ 20. Kxh2 e5 21. dxe5 dxe5 22. Ne4 Nxe4 23. Bxe4 Nf4 24. Bxb7 Qxb7 25. Ne3 e4 26. g3 Nd3 27. Rd2 Rbd8 28. Rad1 Kg7 29. Nc4 Qd5 30. Re2 Qh5 31. g4 Qh4 32. Rf1 b5 33. axb5 Nf4 34. Re3 Rd3 35. Qc2 Nxh3 36. Kg2 Nf4+ 37. Kg1 Qxg4+ 38. Kh2 Qg2# 0-1

[Event "CAT-ch Open-Women 2019"]
[Site "Platja de la Pineda"]
[Date "2019.04.18"]
[Round "1"]
[White "Ruiz Herrero, Victor"]
[Black "Herrera Reyes, Jose Antonio"]
[Result "0-1"]
[ECO "B43"]
[WhiteElo "1924"]
[BlackElo "2355"]
[Annotator "NA"]
[PlyCount "66"]
[EventDate "2019.04.18"]
[EventType "swiss"]
[EventCountry "ESP"]
[SourceTitle "playchess.com"]
[Source "ChessBase"]
[SourceQuality "1"]
[TimeControl "5400+30"]

1. e4 c5 2. Nf3 e6 3. d4 cxd4 4. Nxd4 a6 5. Nc3 Qc7 6. g3 b6 7. Bg2 Bb7 8. O-O d6 9. f4 Nd7 10. Be3 Ngf6 11. Nb3 Rc8 12. g4 h5 13. g5 Ng4 14. Bd4 e5 15. h3 exd4 16. Qxd4 Nc5 17. Nd5 Bxd5 18. exd5 Ne5 19. Rae1 Ncd7 20. c3 Be7 21. fxe5 dxe5 22. Qf2 O-O 23. h4 f5 24. gxf6 Nxf6 25. Qf5 e4 26. Qe6+ Kh8 27. Rf5 Qg3 28. Ref1 Bd6 29. R1f2 Rce8 30. Rxf6 gxf6 31. Qf5 Re5 32. Qf4 Qxf4 33. Rxf4 e3 0-1

[Event "CAT-ch Open-Women 2019"]
[Site "Platja de la Pineda"]
[Date "2019.04.18"]
[Round "1"]
[White "Gallego Montes, Antoni"]
[Black "Esplugas Esteve, Vicens"]
[Result "0-1"]
[ECO "C02"]
[WhiteElo "1892"]
[BlackElo "2297"]
[Annotator "NA"]
[PlyCount "42"]
[EventDate "2019.04.18"]
[EventType "swiss"]
[EventCountry "ESP"]
[SourceTitle "playchess.com"]
[Source "ChessBase"]
[SourceQuality "1"]
[TimeControl "5400+30"]

1. e4 e6 2. d4 d5 3. e5 c5 4. c3 Qb6 5. Nf3 Nc6 6. Bd3 cxd4 7. cxd4 Bd7 8. O-O Nxd4 9. Nbd2 Nxf3+ 10. Nxf3 Rc8 11. Ng5 Be7 12. Qh5 g6 13. Qf3 Nh6 14. Nxe6 Rxc1 15. Raxc1 Bxe6 16. Rc3 d4 17. Rc2 O-O 18. Rfc1 Bg5 19. Re1 Nf5 20. Be4 Rd8 21. g3 d3 0-1

[Event "CAT-ch Open-Women 2019"]
[Site "Platja de la Pineda"]
[Date "2019.04.18"]
[Round "1"]
[White "Biosca Caballe, Nestor"]
[Black "Garcia Ramos, Daniel"]
[Result "0-1"]
[ECO "C60"]
[WhiteElo "1864"]
[BlackElo "2286"]
[Annotator "NA"]
[PlyCount "56"]
[EventDate "2019.04.18"]
[EventType "swiss"]
[EventCountry "ESP"]
[SourceTitle "playchess.com"]
[Source "ChessBase"]
[SourceQuality "1"]
[TimeControl "5400+30"]

1. e4 e5 2. Nf3 Nc6 3. Bb5 g6 4. O-O Bg7 5. c3 Nge7 6. d4 a6 7. Bc4 b5 8. Bd5 exd4 9. Nxd4 Nxd5 10. exd5 Nxd4 11. Re1+ Ne6 12. dxe6 dxe6 13. Qxd8+ Kxd8 14. Bf4 Bb7 15. Nd2 Kc8 16. Nb3 Rd8 17. a4 Rd5 18. Na5 Rb8 19. c4 Rf5 20. Bg3 b4 21. Nb3 Bxb2 22. Rad1 Bc6 23. Nd4 Rc5 24. Nxc6 Rxc6 25. Re2 Bc3 26. Rc2 Rxc4 27. Be5 Rc5 28. Bf6 Rd5 0-1

[Event "CAT-ch Open-Women 2019"]
[Site "Platja de la Pineda"]
[Date "2019.04.18"]
[Round "1"]
[White "Hernando Rodrigo, Imma"]
[Black "Gomez Anadon, Daniel"]
[Result "0-1"]
[ECO "B90"]
[WhiteElo "1859"]
[BlackElo "2271"]
[Annotator "NA"]
[PlyCount "90"]
[EventDate "2019.04.18"]
[EventType "swiss"]
[EventCountry "ESP"]
[SourceTitle "playchess.com"]
[Source "ChessBase"]
[SourceQuality "1"]
[TimeControl "5400+30"]

1. e4 c5 2. Nf3 d6 3. d4 cxd4 4. Nxd4 Nf6 5. Nc3 a6 6. Be2 e5 7. Nf3 Be7 8. O-O O-O 9. Be3 Qc7 10. h3 Be6 11. Nd5 Bxd5 12. exd5 Nbd7 13. c4 a5 14. a4 Ne4 15. Nd2 Nec5 16. Nb3 f5 17. Nxc5 Nxc5 18. Bxc5 Qxc5 19. Qb3 Bf6 20. Qb5 Qc7 21. Rac1 b6 22. Rfd1 e4 23. Qb3 Rae8 24. Rc2 Re7 25. Qb5 Be5 26. b4 axb4 27. Qxb4 Ra8 28. Ra2 Qd8 29. Qd2 Rea7 30. Qe3 Rxa4 31. Rxa4 Rxa4 32. Rb1 Ra2 33. Bf1 h6 34. Rxb6 f4 35. Qb3 Rb2 36. Qxb2 Bxb2 37. Rxb2 Qf6 38. Rb6 Qe5 39. c5 e3 40. f3 dxc5 41. d6 e2 42. d7 Qd4+ 43. Kh2 exf1=N+ 44. Kh1 Ng3+ 45. Kh2 Qxd7 0-1

[Event "CAT-ch Open-Women 2019"]
[Site "Platja de la Pineda"]
[Date "2019.04.18"]
[Round "1"]
[White "Caballero Gomez-Casero, Emilio"]
[Black "Garcia Jimenez, Francisco Javier"]
[Result "0-1"]
[ECO "B19"]
[WhiteElo "1815"]
[BlackElo "2254"]
[Annotator "NA"]
[PlyCount "76"]
[EventDate "2019.04.18"]
[EventType "swiss"]
[EventCountry "ESP"]
[SourceTitle "playchess.com"]
[Source "ChessBase"]
[SourceQuality "1"]
[TimeControl "5400+30"]

1. e4 c6 2. d4 d5 3. Nc3 dxe4 4. Nxe4 Bf5 5. Ng3 Bg6 6. Nf3 Nd7 7. h4 h6 8. h5 Bh7 9. Bd3 Bxd3 10. Qxd3 e6 11. Bd2 Ngf6 12. O-O-O Be7 13. Ne4 Nxe4 14. Qxe4 Nf6 15. Qe2 Qd5 16. c4 Qe4 17. Qxe4 Nxe4 18. Be3 Rd8 19. Rhe1 Nf6 20. Rh1 Ng4 21. Rhf1 O-O 22. Bf4 b5 23. cxb5 cxb5 24. Ne5 Nf6 25. g4 Nd5 26. Bd2 Bd6 27. f4 Bc7 28. g5 hxg5 29. fxg5 Bb6 30. g6 fxg6 31. hxg6 Rxf1 32. Rxf1 Bxd4 33. Nf7 Rc8+ 34. Kb1 Ne7 35. Nd6 Rb8 36. Rf7 Nxg6 37. Bc3 Bxc3 38. bxc3 Rd8 0-1

[Event "CAT-ch Open-Women 2019"]
[Site "Platja de la Pineda"]
[Date "2019.04.18"]
[Round "1"]
[White "Torras Coloma, Pau"]
[Black "Fernandez Diaz, Cristian"]
[Result "0-1"]
[ECO "D31"]
[WhiteElo "1807"]
[BlackElo "2237"]
[Annotator "NA"]
[PlyCount "88"]
[EventDate "2019.04.18"]
[EventType "swiss"]
[EventCountry "ESP"]
[SourceTitle "playchess.com"]
[Source "ChessBase"]
[SourceQuality "1"]
[TimeControl "5400+30"]

1. d4 d5 2. c4 e6 3. Nc3 a6 4. cxd5 exd5 5. Bf4 Nf6 6. e3 Be6 7. Bd3 Nbd7 8. Nf3 Be7 9. h3 O-O 10. O-O c5 11. Rc1 c4 12. Bb1 b5 13. e4 b4 14. Nxd5 Nxd5 15. exd5 Bxd5 16. Nd2 Nb6 17. Ne4 Rc8 18. Be5 Re8 19. Qh5 Bxe4 20. Bxe4 g6 21. Qf3 f6 22. Bf4 Bd6 23. Be3 Kg7 24. Bb7 Rc7 25. Bxa6 Qa8 26. Bb5 Qxf3 27. gxf3 Ra8 28. d5 Nxd5 29. Bxc4 Nf4 30. Rfd1 Nxh3+ 31. Kf1 Be5 32. b3 Rxa2 33. Rd8 Bf4 34. Bxf4 Rxf2+ 35. Ke1 Re7+ 36. Kd1 Nxf4 37. Rc2 Rxf3 38. Rg8+ Kh6 39. Rh2+ Kg5 40. Ra8 h5 41. Ra4 h4 42. Rxb4 h3 43. Rb8 Rg3 44. Bf1 Rg1 0-1

[Event "CAT-ch Open-Women 2019"]
[Site "Platja de la Pineda"]
[Date "2019.04.19"]
[Round "2"]
[White "Guerra Mendez, Jose Angel"]
[Black "Bravo Barranco, Narciso"]
[Result "1-0"]
[ECO "B16"]
[WhiteElo "2531"]
[BlackElo "2252"]
[Annotator "RC"]
[PlyCount "145"]
[EventDate "2019.04.18"]
[EventType "swiss"]
[EventCountry "ESP"]
[SourceTitle "playchess.com"]
[Source "ChessBase"]
[SourceQuality "1"]
[TimeControl "5400+30"]

1. e4 c6 2. d4 d5 3. Nc3 dxe4 4. Nxe4 Nf6 5. Nxf6+ gxf6 6. Nf3 Bf5 7. g3 Qd5 8. c3 Qe4+ 9. Be3 Qc2 10. Nh4 Qxd1+ 11. Rxd1 Be4 12. f3 Bg6 13. Kf2 e6 14. Be2 Nd7 15. c4 a5 16. Nxg6 hxg6 17. h4 Bh6 18. f4 Bf8 19. Bf3 Ra6 20. g4 a4 21. a3 Rb6 22. Rd2 c5 23. Rhd1 Be7 24. Kg3 Rb3 25. dxc5 Nb8 26. Bd4 Nc6 27. Bc3 O-O 28. Be4 Bxc5 29. Bc2 Rxc3+ 30. bxc3 Na5 31. Rd8 Nxc4 32. Rxf8+ Kxf8 33. Bxa4 Nxa3 34. Rd8+ Kg7 35. Rd7 b6 36. Rb7 Nc4 37. Rd7 Nd6 38. Bc6 e5 39. Kf3 exf4 40. Kxf4 Nc4 41. Bd5 Ne5 42. Rb7 Bd6 43. Ke4 Nxg4 44. Rxb6 f5+ 45. Kf3 Be7 46. Kg3 Ne3 47. Bb3 Nf1+ 48. Kf4 Bf6 49. c4 Nd2 50. Rb7 Bd4 51. h5 Kh6 52. hxg6 fxg6 53. Ba2 Ne4 54. Rd7 Bg1 55. Bb1 Bh2+ 56. Ke3 Nc5 57. Rf7 Kg5 58. Kd4 Bg1+ 59. Kd5 Na4 60. Bd3 Nc5 61. Bc2 Kf4 62. Rf6 Kg5 63. Rc6 Nd7 64. Rc7 Nf6+ 65. Ke6 Ne4 66. Bxe4 fxe4 67. Kd5 e3 68. Re7 Kf4 69. c5 Kf3 70. c6 Bh2 71. Kd4 Bf4 72. Kd3 g5 73. c7 1-0